 Dungeon Crawl Stone Soup version 0.31-a0-237-g2d982f9f85 (webtiles) character file.

Game seed: 14813941294581409952

102 qw the Shooter (level 4, -3/36 HPs)
             Began as a Minotaur Hexslinger on July 10, 2023.
             Slain by a gnoll bouda
             ... wielding a +0 club
              (4 damage)
             ... on level 4 of the Dungeon.
             The game lasted 00:00:53 (2042 turns).

qw the Shooter (Minotaur Hexslinger)                Turns: 2042, Time: 00:00:54

Health: -3/36      AC:  6    Str: 13    XL:     4   Next: 49%
Magic:  4/4        EV: 11    Int: 10    God:
Gold:   145        SH:  0    Dex: 14    Spells: 4/5 levels left

rFire   . . .        Y - +1 sling
rCold   . . .        (no shield)
rNeg    . . .        d - +0 ring mail
rPois   .            (helmet restricted)
rElec   .            (no cloak)
rCorr   .            b - +0 pair of gloves
SInv    .            (no boots)
Will    .....        (no amulet)
Stlth   +            (no ring)
HPRegen 0.26/turn    (no ring)
MPRegen 0.09/turn

%: no passive effects
@: no status effects
A: horns 2, retaliatory headbutt
a: no special abilities


You were on level 4 of the Dungeon.
You visited 1 branch of the dungeon, and saw 4 of its levels.

You collected 145 gold pieces.


Innate Abilities, Weirdness & Mutations

You have a pair of horns on your head.
You reflexively headbutt those who attack you in melee.


   Skills:
 - Level 2.0 Fighting
 + Level 4.9 Ranged Weapons
 - Level 1.0 Armour
 - Level 2.1 Dodging
 - Level 1.0 Spellcasting
 - Level 2.0 Hexes


You had 4 spell levels left.
You knew the following spells:

 Your Spells              Type           Power      Damage    Failure   Level
a - Slow                  Hex            16%        N/A       32%         1

Your spell library contained the following spells:

 Spells                   Type           Power      Damage    Failure   Level
 Inner Flame              Hex/Fire       2%         N/A       82%         3
 Portal Projectile        Hex/Tloc       4%         N/A       82%         3
 Cause Fear               Hex            2%         N/A       97%         4

Inventory:

Hand Weapons
 Y - a +1 sling (weapon)
Armour
 b - a +0 pair of gloves (worn)
 d - a +0 ring mail (worn)
Potions
 c - a potion of berserk rage {unknown}
 e - a potion of ambrosia {unknown}

Dungeon Overview and Level Annotations

Branches:
Dungeon (4/15)
 Temple: D:4-7

Altars:


Message History

You shoot a sling bullet. The sling bullet hits the gnoll.
The gnoll is heavily wounded.
A goblin comes into view. It is wielding a +0 club.
A gnoll comes into view. It is wielding a +0 whip.
The gnoll bouda barks out a call to the hunt!
The gnoll picks up the pace!
The gnoll closely misses you.
You shoot a sling bullet. The sling bullet hits the gnoll.
You kill the gnoll!
You feel your willpower return.
The gnoll hits you from afar with a +0 halberd!
Your Armour skill increases to level 1!
You shoot a sling bullet. The sling bullet hits the gnoll.
The gnoll is moderately wounded.
The gnoll hits you with a +0 club.
A gnoll comes into view. It is wielding a +0 spear.
The gnoll hits you from afar with a +0 halberd!
2039 ||| DRINKING potion of heal wounds.
You feel much better.
The gnoll shouts!
The gnoll hits you from afar with a +0 halberd.
You shoot a sling bullet. The sling bullet hits the gnoll.
The gnoll is severely wounded.
The gnoll hits you with a +0 club.
The gnoll hits you from afar with a +0 halberd.
The gnoll hits you with a +0 club.
You shoot a sling bullet. The sling bullet hits the gnoll.
The gnoll is almost dead.
The gnoll hits you from afar with a +0 halberd.
The gnoll bouda hits you with a +0 club.
The gnoll hits you from afar with a +0 halberd!
The goblin hits you but does no damage.
The gnoll bouda hits you with a +0 club.
You shoot a sling bullet.
The sling bullet closely misses the gnoll.
Your attacks no longer feel as feeble.
The gnoll hits you with a +0 club. The gnoll closely misses you.
The goblin hits you but does no damage.
The gnoll bouda hits you with a +0 club.
You die...

# ##. #.. #.#
## #..###.?##
.#####.g@g...#
.......gg##...#
####.)..g# #..
.....##.g..
.### ##.....
#.##.## #.# .#
..# # ##


You could see a gnoll bouda, 4 gnolls and a goblin.

Vanquished Creatures
  A gnoll (D:4)
  An adder (D:2)
  5 worms
  4 endoplasms
  3 giant cockroaches (D:2)
  3 goblins
  8 hobgoblins
  7 jackals
  4 kobolds
  A quokka (D:2)
  8 ball pythons
  9 bats
  3 frilled lizards
  6 rats
63 creatures vanquished.

Notes
Turn   | Place    | Note
-------+----------+-------------------------------------------
     0 | D:1      | qw the Minotaur Hexslinger began the quest for the Orb.
     0 | D:1      | Reached XP level 1. HP: 16/16 MP: 1/1
     0 | D:1      | 0 ||| qw: Version: 0.3-a-52-g30416fa
     0 | D:1      | 0 ||| qw: Game counter: 5357
     0 | D:1      | 0 ||| qw: Melee chars always use a shield: true
     0 | D:1      | 0 ||| qw: God list: Okawaru
     0 | D:1      | 0 ||| qw: Allow faded altars: false
     0 | D:1      | 0 ||| qw: Do Orc after clearing Dungeon:15 true
     0 | D:1      | 0 ||| qw: Do second Lair branch before Depths: true
     0 | D:1      | 0 ||| qw: Lair rune preference: random
     0 | D:1      | 0 ||| qw: Goals: Normal
     0 | D:1      | 0 ||| PLANNING D:1-11
   173 | D:1      | Reached skill level 3 in Ranged Weapons
   173 | D:1      | Reached XP level 2. HP: 22/23 MP: 2/2
   818 | D:1      | 818 ||| UPGRADING to +0 leather armour.
   828 | D:1      | 828 ||| DROPPING +0 robe.
   829 | D:1      | 829 ||| READING scroll labelled TIT FUURIO.
   830 | D:1      | 830 ||| READING scroll labelled XERPHAEXUCE.
   831 | D:1      | 831 ||| READING scroll labelled SOBLEONNIZXA.
   836 | D:1      | 836 ||| DROPPING scroll of poison.
   857 | D:2      | 857 ||| STAIRDANCE
   972 | D:2      | Reached XP level 3. HP: 29/29 MP: 3/3
  1018 | D:2      | Reached skill level 4 in Ranged Weapons
  1418 | D:2      | 1418 ||| READING scroll labelled KYOM RULISEWK.
  1419 | D:2      | 1419 ||| READING scroll labelled MOARYHAH JUFOH.
  1420 | D:2      | 1420 ||| READING scroll labelled BAOTUO QOGO.
  1421 | D:2      | 1421 ||| DRINKING 2 black potions.
  1422 | D:2      | 1422 ||| DRINKING 2 sapphire potions.
  1423 | D:2      | 1423 ||| DROPPING potion of attraction.
  1454 | D:3      | Reached XP level 4. HP: 36/36 MP: 4/4
  1976 | D:3      | 1976 ||| UPGRADING to +0 pair of gloves.
  1981 | D:3      | 1981 ||| UPGRADING to +0 ring mail.
  1991 | D:3      | 1991 ||| DROPPING +0 leather armour.
  1992 | D:3      | 1992 ||| DROPPING ring of magical power.
  1993 | D:3      | 1993 ||| READING scroll labelled TUOCOLULEOT.
  1994 | D:3      | 1994 ||| READING scroll labelled WIJ HETUKACE.
  2038 | D:4      | Reached skill level 1 in Armour
  2038 | D:4      | HP: 5/36 [gnoll/+0 halberd[a gnoll bouda] (11)]
  2039 | D:4      | 2039 ||| DRINKING potion of heal wounds.
  2042 | D:4      | HP: 1/36 [gnoll/+0 club[a gnoll bouda] (6)]
  2042 | D:4      | Slain by a gnoll bouda

Levels and vault maps discovered:
D:1:      dpeg_arrival_rhombus, layout_loops_corners,
          chequers_serial_rivers_micro_c
D:2:      layout_rooms, minmay_pentomino_r4
D:3:      layout_loops_ring
D:4:      layout_rooms, lemuel_coloured_pillars_altar,
          ebering_ghost_rock_garden, minmay_cut_off, uniq_pikel, uniq_grinder

Skill      XL: |  1  2  3  4 |
---------------+-------------+-----
Ranged Weapons | 3 4 |  4.9
Fighting       | 2 |  2.0
Armour         | 1 |  1.0
Dodging        | |  2.1
Spellcasting   | |  1.0
Hexes          | |  2.0

Action                     |  1- 3 |  4- 6 || total
---------------------------+-------+-------++-------
   Fire: Sling             |   133 |    61 ||   194
    Use: Scroll            |     6 |     2 ||     8
         Potion            |     2 |     1 ||     3
 Armour: Robe              |    10 |       ||    10
         Leather armour    |    14 |     1 ||    15
         Ring mail         |       |     4 ||     4
  Dodge: Dodged            |    35 |     6 ||    41

Table legend:
 A = Non-vault XP
 B = Vault XP
 C = Vault XP percentage of total XP
 D = Non-vault monster count
 E = Vault monster count
 F = Vault count percentage of total count
                 A         B        C        D         E       F
            +---------+---------+-------+---------+---------+-------
      Total |     140 |       6 |   4.1 |      60 |       3 |   4.8
            +---------+---------+-------+---------+---------+-------
        D:1 |      32 |       0 |   0.0 |      19 |       0 |   0.0
        D:2 |      57 |       6 |   9.5 |      24 |       3 |  11.1
        D:3 |      37 |       0 |   0.0 |      16 |       0 |   0.0
        D:4 |      14 |       0 |   0.0 |       1 |       0 |   0.0
            +---------+---------+-------+---------+---------+-------
